 Dungeon Crawl Stone Soup version 0.21.1-1-g345015fe64 (webtiles) character file.

282 Kholdaimon the Caller (level 6, -1/33 HPs)
             Began as a Tengu Summoner on June 18, 2018.
             Slain by an adder (5 damage)
             ... on level 5 of the Dungeon.
             The game lasted 00:46:31 (5200 turns).

Kholdaimon the Caller (Tengu Summoner)              Turns: 5200, Time: 00:46:32

Health: -1/33      AC:  4    Str:  8    XL:     6   Next: 28%
Magic:  7/12       EV: 13    Int: 17    God:
Gold:   173        SH:  0    Dex: 15    Spells: 4/12 levels left

rFire    . . .     SeeInvis .   a - +0 trident
rCold    . . .     Gourm    .   (no shield)
rNeg     . . .     Faith    .   o - +0 leather armour
rPois    .         Spirit   .   (helmet restricted)
rElec    .         Reflect  .   (no cloak)
rCorr    .         Harm     .   i - +0 pair of gloves
MR       .....                  (boots unavailable)
Stlth    ++........             (no amulet)
HPRegen  0.11/turn              (no ring)
MPRegen  0.13/turn              (no ring)

@: no status effects
A: beak, talons 3, able to fly 1
a: Fly


You were on level 5 of the Dungeon.
You were not hungry.

You visited 1 branch of the dungeon, and saw 5 of its levels.

You collected 173 gold pieces.

Inventory:

Hand Weapons
 a - a +0 trident (weapon)
 h - a +1 dagger of venom
Missiles
 d - 108 stones (quivered)
 n - 13 poisoned needles
Armour
 i - a +0 pair of gloves (worn)
 o - a +0 leather armour (worn)
Scrolls
 e - 2 scrolls of teleportation
 l - a scroll of blinking {unknown}
 p - 2 scrolls of remove curse
Potions
 g - a potion of mutation
 j - a potion of berserk rage
 k - 2 potions of brilliance
 m - a potion of cancellation
 q - a potion of haste
 s - a potion of flight {unknown}
Books
 b - a book of Callings

   Spells                             Type                      Level
   a - Summon Small Mammal            Summoning                    1
   b - Call Imp                       Summoning                    2
   c - Call Canine Familiar           Summoning                    3
   d - Summon Guardian Golem          Hexes/Summoning              3
   e - Summon Lightning Spire         Summoning/Air                4
   f - Summon Ice Beast               Ice/Summoning                4
Comestibles
 c - 10 rations
 r - 2 chunks of flesh


   Skills:
 + Level 0.9 Fighting
 + Level 2.3 Polearms
 + Level 1.6 Armour
 + Level 3.3 Dodging
 - Level 2.0 Stealth
 + Level 3.5 Spellcasting
 + Level 6.2 Summonings


You had 4 spell levels left.
You knew the following spells:

 Your Spells              Type           Power        Failure   Level  Hunger
a - Summon Small Mammal   Summ           ###.         1%          1    None
b - Summon Lightning Spi  Summ/Air       ##......     54%         4    ####...
c - Call Canine Familiar  Summ           ###.....     5%          3    ###....


Dungeon Overview and Level Annotations

Branches:
Dungeon (5/15)
 Temple: D:4-7

Altars:
Cheibriados
Qazlal
Ru
Wu Jian
The Shining One

Shops:
D:4 =

Annotations:
D:3 exclusion: downstairs
D:4 P0WERM0DE's ghost, novice FoFi


Innate Abilities, Weirdness & Mutations

You have a beak for a mouth.
You have claws for feet.
You can fly.


Message History

Your hound barely misses the adder.
You closely miss the centaur.
The centaur is severely wounded.
The adder bites your hound.
Your hound dies!
Your hound's corpse disappears in a puff of smoke!
The centaur hits you.
* * * LOW HITPOINT WARNING * * *
The centaur completely misses you.
You closely miss the centaur.
The centaur is severely wounded.
The centaur hits you.
* * * LOW HITPOINT WARNING * * *
Casting: Call Canine Familiar
Confirm with . or Enter, or press ? or * to list all spells.
The centaur hits you but does no damage.
The centaur closely misses you. The adder closely misses you.
The centaur barely misses you.
Your hound completely misses the adder.
The adder bites you.
You die...

.......... ...(.... #
#....... #.#...... .
......... ..
#.#...#.#####.#.
.....>c......... #.
#..#@........
.#.##..S(((....#
###......h...##.### #
(##............##.#....
.....................#
#.#..###.#...##.#.###
#.........).....#
#..##..#...####.
#...............


You could see a centaur, an adder and a friendly hound.

Vanquished Creatures
  A crimson imp (D:4)
  A centaur skeleton (D:4)
  An orc priest (D:3)
  4 adders
  A shadow imp (D:5)
  3 worms
  A dart slug (D:1)
  An orc (D:4)
  5 bats
  2 giant cockroaches
  7 goblins
  4 hobgoblins
  6 jackals (D:2)
  3 kobolds
  A quokka (D:4)
  A ball python (D:2)
  A frilled lizard (D:1)
  A quokka skeleton (D:4)
  3 rats
47 creatures vanquished.

Vanquished Creatures (collateral kills)
  An ogre (D:5)
  An orc wizard (D:4)
  A worker ant (D:4)
  A gnoll (D:1)
  3 adders
  A dart slug (D:4)
  A leopard gecko (D:4)
  7 orcs
  6 goblins (D:1)
  3 hobgoblins
  A jackal (D:2)
  7 kobolds
  2 bats (D:2)
  5 rats (D:1)
40 creatures vanquished.

Grand Total: 87 creatures vanquished

Notes
Turn   | Place    | Note
-------+----------+-------------------------------------------
     0 | D:1      | Kholdaimon the Tengu Summoner began the quest for the Orb.
     0 | D:1      | Reached XP level 1. HP: 10/10 MP: 4/4
   257 | D:1      | Reached skill level 5 in Summonings
   329 | D:1      | Reached XP level 2. HP: 2/15 MP: 4/6
   991 | D:1      | Reached XP level 3. HP: 19/19 MP: 4/7
  1862 | D:2      | Reached XP level 4. HP: 15/24 MP: 7/9
  2523 | D:3      | Learned a level 4 spell: Summon Lightning Spire
  2531 | D:3      | Learned a level 3 spell: Call Canine Familiar
  2812 | D:3      | Found a sacrificial altar of Ru.
  3392 | D:4      | Found a stormy altar of Qazlal.
  3435 | D:4      | Reached skill level 1 in Polearms
  3435 | D:4      | Gained mutation: You can fly. [Tengu growth]
  3435 | D:4      | Reached XP level 5. HP: 23/28 MP: 7/10
  3883 | D:4      | Found Inaiw's Jewellery Shop.
  4121 | D:4      | Reached skill level 6 in Summonings
  4271 | D:4      | Found an ornate altar of the Wu Jian Council.
  4271 | D:4      | Found a glowing golden altar of the Shining One.
  4382 | D:4      | Reached skill level 1 in Armour
  4402 | D:4      | Noticed P0WERM0DE's ghost (novice FoFi)
  4510 | D:4      | Found a snail-covered altar of Cheibriados.
  4651 | D:4      | Reached XP level 6. HP: 27/33 MP: 12/12
  4811 | D:5      | Entered Level 5 of the Dungeon
  4816 | D:5      | Noticed a phantom
  5200 | D:5      | Slain by an adder

Skill      XL: |  1  2  3  4  5 |
---------------+----------------+-----
Summonings     | 5 6 |  6.2
Spellcasting   | 3 |  3.5
Dodging        | 3 |  3.3
Polearms       | 1 2 |  2.3
Armour         | 1 |  1.6
Fighting       | |  0.9
Stealth        | |  2.0

Action                   |  1- 3 |  4- 6 || total
-------------------------+-------+-------++-------
Melee: Dagger            |    40 |       ||    40
       Kick              |    11 |    17 ||    28
       Peck              |     5 |    12 ||    17
       Unarmed           |     1 |       ||     1
       Spear             |     3 |    43 ||    46
       Trident           |       |    83 ||    83
 Cast: Summon Small Mamm |    33 |     8 ||    41
       Call Canine Famil |       |    23 ||    23
  Use: Scroll            |     3 |     6 ||     9
 Stab: Distracted        |     1 |     2 ||     3
       Sleeping          |     1 |     2 ||     3
  Eat: Chunk             |     3 |    10 ||    13
       Ration            |       |     1 ||     1
Armor: Robe              |    10 |     3 ||    13
       Leather armour    |       |    18 ||    18
Dodge: Dodged            |    37 |    78 ||   115
